 Dungeon Crawl Stone Soup version 0.21-a0-91-ga5031da (webtiles) character file.

51 HAL9000 the Sneak (level 3, -4/18 HPs)
             Began as a Vine Stalker Assassin on June 29, 2017.
             Slain by a gnoll
             ... wielding a +0 spear
              (5 damage)
             ... on level 2 of the Dungeon.
             The game lasted 00:02:45 (1145 turns).

HAL9000 the Sneak (Vine Stalker Assassin)           Turns: 1145, Time: 00:02:46

Health: -4/18      AC:  3    Str: 14    XL:     3   Next: 83%
Magic:  0/4        EV:  6    Int: 11    God:
Gold:   48         SH:  0    Dex: 15    Spells: 2/2 levels left

rFire    . . .     SeeInvis .   b - +0 blowgun
rCold    . . .     Gourm    .   (no shield)
rNeg     . . .     Faith    .   c - +0 robe
rPois    .         Spirit   +   (no helmet)
rElec    .         Reflect  .   d - +0 cloak
rCorr    .         Harm     .   (no gloves)
MR       .....                  (no boots)
Stlth    +++.......             (no amulet)
HPRegen  0.06/turn              (no ring)
MPRegen  0.09/turn              (no ring)

@: held
A: fangs 2, magic shield, antimagic bite, no potion heal 3, rot immunity
a: no special abilities


You were on level 2 of the Dungeon.
You were not hungry.

You visited 1 branch of the dungeon, and saw 2 of its levels.

You collected 48 gold pieces.

Inventory:

Hand Weapons
 a - a +2 dagger
 b - a +0 blowgun (weapon)
Missiles
 e - 18 poisoned needles
 f - a curare-tipped needle (quivered)
Armour
 c - a +0 robe (worn)
 d - a +0 cloak (worn)
Scrolls
 h - a scroll of fog {unknown}
 j - 2 scrolls of enchant weapon {unknown}
 k - 2 scrolls of identify {unknown}
 m - a scroll of noise {unknown}
Comestibles
 g - a bread ration
 i - a meat ration


   Skills:
 - Level 1.7 Fighting
 + Level 3.6 Short Blades
 - Level 1.7 Throwing
 - Level 0.7 Dodging
 - Level 4.8 Stealth


You had 2 spell levels left.
You didn't know any spells.

Dungeon Overview and Level Annotations

Branches:
Dungeon (2/15)

Altars:


Innate Abilities, Weirdness & Mutations

You have extremely sharp teeth.
When hurt, damage is shared between your health and your magic reserves.
Your bite disrupts and absorbs the magic of your enemies.
Potions cannot restore your health.
You are immune to rotting.


Message History

Unknown command.
You can't do that while held in a net.
Unknown command.
Wield which item (- for none, * to show all)? (? for menu, Esc to quit)
Okay, then.
You aren't carrying any potions.
Wield which item (- for none, * to show all)? (? for menu, Esc to quit)
b - a +0 blowgun (weapon)
Quiver which item? (- for none, * to show all) (? for menu, Esc to quit)
Quivering
f - 2 curare-tipped needles for blowguns.
Firing (i - inventory. (,) - cycle):
f - 2 curare-tipped needles (quivered)
Press: ? - help, Shift-Dir - straight line, f - gnoll
Aim: a gnoll, wielding a spear (heavily wounded)
You shoot a curare-tipped needle.
The curare-tipped needle closely misses the gnoll.
The curare-tipped needle hits the gnoll.
The gnoll is poisoned.
The gnoll convulses.
The gnoll seems to slow down.
The gnoll is severely wounded.
The gnoll hits you from afar with a spear.
You die...

............####.#
##..#............# #
............###..##.
###.#..............
#........###..# #
##.......###..##...
##.#.##...........
##.########.#....)....##..
..(.(.(gg.@.#..#.###.......
...(.########)<..# ####...
... ##.### .. . ...# #####


You could see 2 gnolls.

Vanquished Creatures
  A gnoll (D:2)
  An adder (D:2)
  A worm (D:2)
  3 dart slugs (D:1)
  A leopard gecko (D:1)
  A bat (D:1)
  A giant cockroach (D:1)
  4 goblins
  4 hobgoblins (D:1)
  4 frilled lizards (D:1)
  2 kobolds (D:1)
  A rat (D:1)
24 creatures vanquished.

Notes
Turn   | Place    | Note
-------+----------+-------------------------------------------
     0 | D:1      | HAL9000 the Vine Stalker Assassin began the quest for the Orb.
     0 | D:1      | Reached XP level 1. HP: 11/11 MP: 2/2
    86 | D:1      | Reached XP level 2. HP: 14/15 MP: 3/3
   745 | D:1      | Reached XP level 3. HP: 18/18 MP: 4/4
  1145 | D:2      | Slain by a gnoll

Vault maps used:
D:1:      lightli_iron_boxes
D:2:      first_bread

Skill      XL: |  1  2 |
---------------+-------+-----
Short Blades   | 2 3 |  3.6
Fighting       | |  1.7
Throwing       | |  1.7
Dodging        | |  0.7
Stealth        | |  4.8

Action                   || total
-------------------------++-------
Melee: Dagger            ||    75
       Bite              ||    17
 Fire: Blowgun           ||     9
 Stab: Sleeping          ||     1
  Eat: Chunk             ||     1
Armor: Robe              ||     9
Dodge: Dodged            ||    41
